 Dungeon Crawl Stone Soup version 0.23.0 (webtiles) character file.

Game seed: 3558316006638886129

24779 Borgoz the Slicer (level 12, -16/94 HPs)
             Began as a Demonspawn Assassin on Feb 17, 2019.
             Was a High Priest of Dithmenos.
             Demolished by a spriggan rider
             ... wielding the +10 trident "Gufob" {flame, +Blink rElec}
              (32 damage)
             ... on level 2 of the Lair of Beasts.
             The game lasted 00:38:50 (13735 turns).

Borgoz the Slicer (Demonspawn Assassin)            Turns: 13735, Time: 00:38:50

Health: -16/94     AC: 18    Str: 27    XL:     12   Next: 83%
Magic:  0/16       EV: 17    Int: 14    God:    Dithmenos [*****.]
Gold:   1092       SH:  2    Dex: 16    Spells: 14/17 levels left

rFire    + + .     SeeInvis +   u - +2 rapier (flame)
rCold    + . .     Gourm    .   (no shield)
rNeg     . . .     Faith    .   T - +2 scale mail {rPois}
rPois    +         Spirit   +   X - +2 hat {MR+}
rElec    +         Reflect  +   w - scarf {rC+ rF+}
rCorr    .         Harm     .   v - +1 pair of gloves
MR       .....                  D - +0 pair of boots
Stlth    ++++++....             r - +2 amulet of reflection
HPRegen  0.25/turn              O - ring of protection from fire
MPRegen  0.15/turn              q - ring "Birchiw" {rElec MR- Str+8 SInv Stlth+}

@: mighty, very slightly contaminated, wreathed by umbra
A: talons 2, yellow scales 2, spiny 2, magic shield
a: Shadow Step, Shadow Form, Renounce Religion


You were on level 2 of the Lair of Beasts.
You worshipped Dithmenos.
Dithmenos was extremely pleased with you.
You were not hungry.

You visited 3 branches of the dungeon, and saw 15 of its levels.
You also visited: Sewer and Volcano.

You collected 1092 gold pieces.

Inventory:

Hand Weapons
 a - a +1 dagger of venom
 b - a +0 blowgun
 u - a +2 rapier of flaming (weapon)
Missiles
 d - 6 needles of frenzy
 e - 55 poisoned needles
Armour
 k - a +2 cloak of invisibility
 o - a scarf of repulsion
 v - a +1 pair of gloves (worn)
 w - a scarf of resistance (worn)
 D - a +0 pair of boots (worn)
 F - a +0 robe of magic resistance
 G - a +2 ring mail of fire resistance
 T - a +2 scale mail of poison resistance (worn)
 X - a +2 hat of magic resistance (worn)
Jewellery
 f - an uncursed ring of wizardry
 q - the ring "Birchiw" (right hand) {rElec MR- Str+8 SInv Stlth+}
   (You found it on level 6 of the Dungeon)

   [ring of see invisible]

   It affects your strength (+8).
   It insulates you from electricity.
   It affects your resistance to hostile enchantments.
   It lets you see invisible.
   It makes you more stealthy.
 r - a +2 amulet of reflection (around neck)
 O - a ring of protection from fire (left hand)
Wands
 m - a wand of random effects (14)
 y - a wand of digging (5)
 H - a wand of flame (36)
 K - a wand of disintegration (11)
 S - a wand of acid (14)
Scrolls
 h - 9 scrolls of teleportation
 j - 2 scrolls of enchant armour
 p - 3 scrolls of identify
 s - 3 scrolls of blinking
 t - 4 scrolls of enchant weapon
 x - 3 scrolls of fear
 W - a scroll of summoning
Potions
 i - 4 potions of brilliance
 l - a potion of flight
 n - a potion of resistance
 A - 2 potions of haste
 B - 2 potions of curing
 C - 3 potions of cancellation
 L - 2 potions of heal wounds
 M - a potion of berserk rage
 V - a potion of might
Comestibles
 g - 28 rations


   Skills:
 + Level 8.4 Fighting
 + Level 10.3 Short Blades
 - Level 1.7 Throwing
 + Level 7.3 Armour
 + Level 10.1 Dodging
 + Level 9.0 Stealth
 + Level 3.0 Spellcasting
 + Level 3.0 Charms
 + Level 3.6 Necromancy
 - Level 2.4 Evocations


You had 14 spell levels left.
You knew the following spells:

 Your Spells              Type           Power        Failure   Level  Hunger
a - Regeneration          Chrm/Necr      ##........   32%         3    ###....

Your spell library contained the following spells:

 Spells                   Type           Power        Failure   Level  Hunger
 Animate Skeleton         Necr           N/A          10%         1    #......
 Pain                     Necr           ##..         10%         1    #......
 Vampiric Draining        Necr           ##........   30%         3    ###....
 Sandblast                Erth           #.....       41%         1    #......
 Passwall                 Tmut/Erth      #.......     54%         2    ##.....
 Animate Dead             Necr           N/A          69%         4    #####..
 Stone Arrow              Conj/Erth      #.....       78%         3    ###....
 Petrify                  Tmut/Erth      #.......     99%         4    #####..
 Lee's Rapid Deconstruct  Erth           #.........   100%        5    ######.


Dungeon Overview and Level Annotations

Branches:
Dungeon (11/15)            Temple (1/1) D:7            Lair (3/6) D:10
    Orc (0/2) D:9
  Swamp: Lair:2-4    Shoals: Lair:2-4     Snake: Lair:2-4    Spider: Lair:2-4

Altars:
Ashenzari
Cheibriados
Dithmenos
Elyvilon
Fedhas
Gozag
Hepliaklqana
Kikubaaqudgha
Makhleb
Nemelex Xobeh
Okawaru
Qazlal
Ru
Sif Muna
Trog
Uskayaw
Vehumet
Wu Jian
Xom
Yredelemnul
Zin
The Shining One

Annotations:
Lair:2 Rwicked's ghost, journeyman DEFE


Innate Abilities, Weirdness & Mutations

You have razor-sharp toenails.
You are mostly covered in yellow scales. (AC +3)
You are mostly covered in sharp spines.
When hurt, damage is shared between your health and your magic reserves.


Message History

Unknown command.
Blink to where?
Press: ? - help, Dir - move target cursor You are very lightly contaminated with residual magic.
As you read the scroll of blinking, it crumbles to dust.
You feel much better. You block the spriggan rider's attack.
There is a transporter here.
You see here 27 bolts.
You enter the transporter and appear at another place.
The spriggan rider is struck by your spines.
The spriggan rider hits you with the +10 trident "Gufob" {flame, +Blink rElec}!
* * * LOW HITPOINT WARNING * * *
The spriggan rider burns you.
* * * LOW HITPOINT WARNING * * *
The spriggan is struck by your spines. The spriggan closely misses you.
The spriggan is struck by your spines. The spriggan misses you.
The spriggan rider is struck by your spines.
The spriggan rider hits you with the +10 trident "Gufob" {flame, +Blink rElec}!!
You die...

#.....#...#...##...#####..## ##
P...##.........##..####....## #
...#...#####....#.......[...###
#....###...###..#..#..........###
..#.## #.....##........##........
....# ###..#.##........##P.......
.#.####≈#.######................#
...#..##i..≈#..#i.............###
..©#©.i.yW....©#@.............#
...#....)/...†.#i.....P......## #
...##..#§#....##.............# #
....#.####....#..............## #
....###......##...............###
.....###...###........#.#.....##.
.......#####............#........
..P#..........P..................
..###.........##...........[.....


You could see a spriggan rider (berserk), a spriggan (berserk) and Rwicked's
ghost.

Vanquished Creatures
  Gastronok (D:10)
  Josephine (D:10)
  An ogre mage (D:11)
  A hydra (Lair:1)
  A catoblepas (Lair:2)
  A death knight (D:11)
  A two-headed ogre (D:8)
  Erica (Lair:2)
  A fire crab (Volcano)
  An unseen horror (D:10)
  Pikel (D:8)
  A lindwurm (Volcano)
  Maurice (D:11)
  A moth of wrath (Lair:2)
  3 black mambas
  2 molten gargoyles (Volcano)
  6 spiny frogs
  Psyche (D:11)
  The ghost of Esekla the Slasher, a novice OpAK of Lugonu (D:6)
  A komodo dragon (Lair:1)
  A yaktaur (shapeshifter) (D:11)
  An efreet (D:11)
  Grinder (D:3)
  4 hippogriffs (Lair:2)
  A wyvern (Lair:1)
  4 wraiths
  4 yaks (Lair:2)
  3 humans (D:7)
  A basilisk (Lair:1)
  4 hogs (D:7)
  5 fire bats
  A hungry ghost (D:10)
  2 steam dragons (Volcano)
  2 wargs (D:10)
  3 water moccasins
  A soldier ant (D:11)
  Purgy (Sewer)
  5 porcupines
  2 hell hounds (Volcano)
  4 slaves (D:8)
  3 ice beasts
  3 sky beasts
  4 orc warriors
  A phantom (D:8)
  2 necrophages
  2 ogres (D:11)
  A centaur (D:6)
  5 crocodiles
  A big kobold (D:11)
  A wyvern zombie (D:7)
  10 bullfrogs
  2 scorpions
  5 wights
  10 killer bees
  4 howler monkeys
  A bullfrog zombie (D:10)
  5 lava snakes (Volcano)
  4 crimson imps
  6 hounds
  3 quasits (D:6)
  4 centaur zombies
  5 orc priests
  2 jellies (D:9)
  A gnoll shaman (D:7)
  10 orc wizards
  A centaur skeleton (D:4)
  An iguana (D:9)
  12 worker ants
  A hound zombie (D:7)
  2 hound skeletons
  2 howler monkey skeletons (D:9)
  12 gnolls
  16 adders
  3 shadow imps
  An ooze (D:5)
  3 adder skeletons
  5 worms
  2 dart slugs (D:1)
  3 leopard geckos
  43 orcs
  4 ball pythons
  10 giant cockroaches
  2 gnoll zombies (D:5)
  8 goblins
  10 hobgoblins
  15 jackals
  3 quokkas
  5 bats
  13 frilled lizards
  6 kobolds
  10 rats
366 creatures vanquished.

Vanquished Creatures (others)
  An orc (D:10)
  A fungus (Lair:1)
  2 plants (Lair:1)
4 creatures vanquished.

Grand Total: 370 creatures vanquished

Notes
Turn   | Place    | Note
-------+----------+-------------------------------------------
     0 | D:1      | Borgoz the Demonspawn Assassin began the quest for the Orb.
     0 | D:1      | Reached XP level 1. HP: 16/16 MP: 1/1
    20 | D:1      | Reached skill level 1 in Dodging
   233 | D:1      | Gained mutation: You have sharp toenails. [demonic
                  | ancestry]
   233 | D:1      | Reached XP level 2. HP: 13/22 MP: 2/2
   692 | D:1      | Reached XP level 3. HP: 23/27 MP: 3/3
  1181 | D:2      | Found a faded altar of an unknown god.
  1436 | D:2      | Reached skill level 1 in Armour
  1701 | D:2      | Gained mutation: You are partially covered in sharp spines.
                  | [demonic ancestry]
  1701 | D:2      | Reached XP level 4. HP: 27/34 MP: 4/4
  2268 | D:3      | Found an opulent altar of Gozag.
  2297 | D:3      | Gained mutation: You are mostly covered in sharp spines.
                  | [demonic ancestry]
  2297 | D:3      | Reached XP level 5. HP: 27/39 MP: 5/5
  2458 | D:3      | Found a glowing drain.
  2475 | Sewer    | Entered a sewer
  2522 | Sewer    | Noticed Purgy
  2535 | Sewer    | Killed Purgy
  2535 | Sewer    | Gained mutation: You are partially covered in yellow
                  | scales. (AC +2) [demonic ancestry]
  2535 | Sewer    | Reached XP level 6. HP: 21/46 MP: 6/6
  2817 | D:3      | Noticed Grinder
  2840 | D:3      | Paralysed by Grinder for 4 turns
  2844 | D:3      | Killed Grinder
  2976 | D:4      | Noticed an ice beast
  2985 | D:4      | Killed an ice beast
  2985 | D:4      | Gained mutation: When hurt, damage is shared between your
                  | health and your magic reserves. [demonic ancestry]
  2985 | D:4      | Reached XP level 7. HP: 52/52 MP: 7/7
  3270 | D:4      | Found a glowing silver altar of Zin.
  3954 | D:5      | Entered Level 5 of the Dungeon
  4191 | D:5      | Reached skill level 5 in Stealth
  4321 | D:5      | Reached XP level 8. HP: 36/60 MP: 8/8
  4450 | D:5      | Found a hazy altar of Hepliaklqana.
  4801 | D:5      | Found a blossoming altar of Fedhas.
  4801 | D:5      | Found a shadowy altar of Dithmenos.
  4865 | D:5      | Reached skill level 5 in Short Blades
  5023 | D:5      | Became a worshipper of Dithmenos the Shadowed
  5117 | D:5      | Found a basalt altar of Yredelemnul.
  5179 | D:6      | Got an ancient lapis lazuli ring
  5180 | D:6      | Identified the ring "Birchiw" {rElec MR- Str+8 SInv Stlth+}
                  | (You found it on level 6 of the Dungeon)
  5396 | D:6      | Noticed Esekla's ghost (novice OpAK)
  5424 | D:6      | Reached skill level 5 in Dodging
  5759 | D:6      | Found a transporter.
  5825 | D:6      | Found a transporter.
  5976 | D:6      | Found a deep blue altar of Sif Muna.
  6249 | D:6      | Found a snail-covered altar of Cheibriados.
  6309 | D:7      | Found a hide-covered altar of Uskayaw.
  6339 | D:7      | Reached * piety under Dithmenos
  6343 | D:7      | Reached XP level 9. HP: 46/65 MP: 9/9
  6552 | D:7      | Found a staircase to the Ecumenical Temple.
  6578 | Temple   | Entered the Ecumenical Temple
  6698 | D:7      | Found an iron altar of Okawaru.
  6703 | D:7      | Reached skill level 5 in Fighting
  7208 | D:6      | Reached ** piety under Dithmenos
  7260 | D:6      | Killed Esekla's ghost
  7370 | D:8      | Gained mutation: You have razor-sharp toenails. [demonic
                  | ancestry]
  7370 | D:8      | Reached XP level 10. HP: 71/74 MP: 10/10
  7502 | D:8      | Noticed Pikel
  7528 | D:8      | Killed Pikel
  7528 | D:8      | Reached skill level 5 in Armour
  7610 | D:8      | Found a burning altar of Makhleb.
  7612 | D:8      | Found a snail-covered altar of Cheibriados.
  7612 | D:8      | Found an ancient bone altar of Kikubaaqudgha.
  7615 | D:8      | Found an ancient bone altar of Kikubaaqudgha.
  7615 | D:8      | Found a shimmering altar of Xom.
  7615 | D:8      | Found a bloodstained altar of Trog.
  7792 | D:8      | Noticed a two-headed ogre
  7796 | D:8      | Killed a two-headed ogre
  8036 | D:9      | Found a sparkling altar of Nemelex Xobeh.
  8050 | D:9      | Found a sparkling altar of Nemelex Xobeh.
  8396 | D:9      | Found a staircase to the Orcish Mines.
  8439 | D:9      | Reached *** piety under Dithmenos
  8866 | D:10     | Entered Level 10 of the Dungeon
  8927 | D:10     | Found a staircase to the Lair.
  9367 | D:10     | Noticed Gastronok
  9410 | D:10     | Killed Gastronok
  9410 | D:10     | Gained mutation: You are mostly covered in yellow scales.
                  | (AC +3) [demonic ancestry]
  9410 | D:10     | Reached XP level 11. HP: 13/81 MP: 3/11
  9555 | D:10     | Noticed Josephine
  9555 | D:10     | Noticed an unseen horror
  9577 | D:10     | Killed an unseen horror
  9619 | D:10     | Killed Josephine
  9619 | D:10     | Reached **** piety under Dithmenos
 10042 | D:11     | Found a blossoming altar of Fedhas.
 10230 | D:11     | Noticed an ogre mage
 10248 | D:11     | Killed an ogre mage
 10248 | D:11     | Reached skill level 1 in Evocations
 10342 | D:11     | Noticed Maurice
 10364 | D:11     | Killed Maurice
 10419 | D:11     | Noticed a death knight
 10424 | D:11     | Killed a death knight
 10456 | D:11     | Noticed Psyche
 10473 | D:11     | Killed Psyche
 10542 | Lair:1   | Entered Level 1 of the Lair of Beasts
 10577 | Lair:1   | Identified a scroll of acquirement
 10670 | Lair:1   | Noticed a five-headed hydra
 10685 | Lair:1   | Killed a five-headed hydra
 10778 | Lair:1   | Reached XP level 12. HP: 83/92 MP: 13/13
 10793 | Lair:1   | Learned a level 3 spell: Regeneration
 10901 | Lair:1   | Reached skill level 1 in Necromancy
 11240 | Lair:1   | Reached skill level 1 in Spellcasting
 11341 | Lair:1   | Reached skill level 10 in Short Blades
 11341 | Lair:1   | Reached skill level 1 in Charms
 11724 | Lair:2   | Noticed Rwicked's ghost (journeyman DEFE)
 11725 | Lair:2   | Found a bloodstained altar of Trog.
 11732 | Lair:2   | Identified the +10 trident "Gufob" {flame, +Blink rElec}
 11813 | Lair:2   | Found a dark tunnel.
 11827 | Volcano  | Entered a volcano
 12107 | Volcano  | Found a radiant altar of Vehumet.
 12167 | Volcano  | Reached ***** piety under Dithmenos
 12314 | Lair:2   | Reached skill level 10 in Dodging
 12508 | Lair:2   | Noticed a catoblepas
 12542 | Lair:2   | Killed a catoblepas
 13061 | Lair:2   | Found a transporter.
 13061 | Lair:2   | Found a transporter.
 13081 | Lair:2   | Noticed Erica
 13090 | Lair:2   | Killed Erica
 13730 | Lair:2   | HP: 1/94 [moth of wrath (14)]
 13735 | Lair:2   | Demolished by a spriggan rider

Skill      XL: |  1  2  3  4  5  6  7  8  9 10 11 12 |
---------------+-------------------------------------+-----
Dodging        | 1 2 3 4 5 7 8 9 10 | 10.1
Short Blades   | 2 3 4 5 7 8 9 10 | 10.3
Armour         | 1 2 3 4 5 6 7 |  7.3
Stealth        | 4 5 6 7 8 9 |  9.0
Fighting       | 3 4 5 6 7 8 |  8.4
Evocations     | 2 |  2.4
Necromancy     | 3 |  3.6
Spellcasting   | 3 |  3.0
Charms         | 3 |  3.0
Throwing       | |  1.7

Action                   |  1- 3 |  4- 6 |  7- 9 | 10-12 || total
-------------------------+-------+-------+-------+-------++-------
Melee: Dagger            |   122 |    77 |   429 |   571 ||  1199
       Kick              |    31 |    20 |    17 |       ||    68
       Rapier            |       |       |       |   173 ||   173
  Use: Scroll            |       |    13 |     3 |    15 ||    31
       Potion            |       |     7 |     3 |     7 ||    17
 Stab: Sleeping          |    12 |     3 |    12 |    46 ||    73
       Distracted        |       |       |     1 |     3 ||     4
  Eat: Chunk             |     2 |     4 |    14 |    16 ||    36
       Ration            |       |       |       |     2 ||     2
Armor: Robe              |    22 |    14 |    37 |       ||    73
       Troll leather arm |       |       |    21 |    53 ||    74
       Skin              |       |       |   112 |       ||   112
       Scale mail        |       |       |       |    41 ||    41
       Ring mail         |       |       |       |    12 ||    12
Dodge: Dodged            |    74 |    54 |   211 |   392 ||   731
Block: Other             |     3 |     8 |    21 |    31 ||    63
